 Dungeon Crawl Stone Soup version 0.31-a0-620-gd1cbd99268 (webtiles) character file.

Game seed: 12288078122202567417

291 thirtiethelement the Chopper (level 6, -4/46 HPs)
             Began as a Demonspawn Gladiator on Aug 23, 2023.
             Slain by an ogre
             ... wielding a +0 giant spiked club
              (8 damage)
             ... on level 4 of the Dungeon.
             The game lasted 00:05:46 (2849 turns).

thirtiethelement the Chopper (Demonspawn Gladiator) Turns: 2849, Time: 00:05:47

Health: -4/46      AC: 12    Str: 17    XL:     6   Next: 10%
Magic:  6/6        EV: 12    Int: 12    God:
Gold:   222        SH:  0    Dex: 14    Spells: 5/5 levels left

rFire   . . .        a - +0 war axe
rCold   + . .        (no shield)
rNeg    + . .        g - +0 acid dragon scales
rPois   .            q - +2 helmet {Int+3}
rElec   .            (no cloak)
rCorr   +            (no gloves)
SInv    .            (no boots)
Will    .....        (no amulet)
Stlth   +            i - ring of positive energy
HPRegen 0.27/turn    c - ring of protection from cold
MPRegen 0.10/turn

%: no passive effects
@: no status effects
A: slimy green scales 2, powered by death 1, weakness stinger 1
a: no special abilities


You were on level 4 of the Dungeon.
You visited 1 branch of the dungeon, and saw 4 of its levels.

You collected 222 gold pieces.

Inventory:

Hand Weapons
 a - a +0 war axe (weapon)
Missiles
 b - 7 boomerangs (quivered)
 d - 2 throwing nets
 e - 3 javelins
Armour
 g - +0 acid dragon scales (worn)
 q - a +2 helmet of intelligence (worn)
Jewellery
 c - a ring of protection from cold (right hand)
 i - a ring of positive energy (left hand)
Scrolls
 k - a scroll of silence {unknown}
 l - 3 scrolls of noise
 n - a scroll of fog {unknown}
 o - 2 scrolls of blinking
 p - 3 scrolls of teleportation
 s - 2 scrolls of revelation {unknown}
 t - a scroll of amnesia {unknown}
 u - a scroll of identify {unknown}
Potions
 f - a potion of enlightenment {unknown}
 h - a potion of mutation {unknown}
 j - a potion of attraction {unknown}
 m - 2 potions of curing {unknown}
 r - a potion of ambrosia {unknown}
 v - a potion of haste {unknown}


   Skills:
 + Level 2.9 Fighting
 + Level 4.7 Axes
 + Level 2.0 Throwing
 + Level 1.5 Armour
 + Level 3.6 Dodging
 + Level 0.9 Stealth


You had 5 spell levels left.
You didn't know any spells.
Your spell library was empty.

Dungeon Overview and Level Annotations

Branches:
Dungeon (4/15)
 Temple: D:4-7

Altars:
Hepliaklqana
Qazlal
Ru
Wu Jian


Innate Abilities, Weirdness & Mutations

You are mostly covered in slimy green scales. (AC +3)
You regenerate a little health from kills.
You have a small tail.


Message History

You kill the jackal!
You slash the jackal!
You kill the jackal!
You closely miss the jackal. You hit the jackal.
The jackal bites you but does no damage.
The jackal pauses to sniff the ground.
The jackal bites you but does no damage. x2
The jackal closely misses you.
You hit the jackal but do no damage.
The jackal is almost dead.
You hit the jackal.
You kill the jackal!
The jackal bites you but does no damage. x2
You slash the jackal!
You kill the jackal!
You open the door.
There is an open door here.
An ogre comes into view. It is wielding a +0 giant spiked club.
The ogre shouts!
Throw: 7 boomerangs
Press: ? - help, Q - select action, (/) - cycle Shift-Dir - straight line, f - ogre
Aim: an ogre, wielding a +0 giant spiked club (73% to hit)
You throw a boomerang. The boomerang closely misses the ogre.
The ogre hits you with a +0 giant spiked club!
You hit the ogre.
The ogre is lightly wounded.
You barely miss the ogre.
The ogre is lightly wounded.
The ogre misses you.
You hit the ogre.
The ogre is moderately wounded.
The ogre hits you with a +0 giant spiked club!
You slash the ogre!
The ogre is severely wounded.
The ogre hits you with a +0 giant spiked club!
* * * LOW HITPOINT WARNING * * *
You barely miss the ogre.
The ogre is severely wounded.
The ogre hits you with a +0 giant spiked club!
You die...

..#.........+
..#...##...## ..
..#...#######...
..#.............
..#.............
..#...##'####.. ##
..#...##...# ..##
..#....#...#######....#
..#..†.#........@O....#
..#...<#........#######
..#....#...##...#
..#...##...##...#
..#...##...##......
..#...#....#.........
..#...#....#.........
..# ##.#####+###... ..#
..#


You could see an ogre.

Vanquished Creatures
  A jelly (D:4)
  An orc priest (D:3)
  Natasha (thrice) (D:2)
  Robin (D:3)
  4 adders
  An ufetubus (D:4)
  A worm (D:3)
  A dart slug (D:1)
  4 orcs (D:3)
  11 ball pythons
  9 bats
  6 endoplasms
  2 giant cockroaches
  11 goblins
  12 hobgoblins
  7 jackals
  5 quokkas
  A frilled lizard (D:1)
  6 kobolds
  9 rats
96 creatures vanquished.

Notes
Turn   | Place    | Note
-------+----------+-------------------------------------------
     0 | D:1      | thirtiethelement the Demonspawn Gladiator began the quest
                  | for the Orb.
     0 | D:1      | Reached XP level 1. HP: 16/16 MP: 1/1
   109 | D:1      | Gained mutation: You are partially covered in slimy green
                  | scales. (AC +2) [demonic ancestry]
   109 | D:1      | Reached XP level 2. HP: 22/22 MP: 2/2
   120 | D:1      | Reached skill level 3 in Axes
   526 | D:1      | Gained mutation: You regenerate a little health from kills.
                  | [demonic ancestry]
   526 | D:1      | Reached XP level 3. HP: 25/27 MP: 3/3
   974 | D:2      | Noticed Natasha
   987 | D:2      | Killed Natasha
  1068 | D:2      | Noticed Natasha
  1130 | D:2      | Killed Natasha
  1131 | D:2      | Reached XP level 4. HP: 34/34 MP: 4/4
  1283 | D:2      | Noticed Natasha
  1294 | D:2      | Killed Natasha
  1295 | D:2      | Reached skill level 1 in Armour
  1504 | D:2      | Reached skill level 4 in Axes
  1582 | D:2      | Gained mutation: You are mostly covered in slimy green
                  | scales. (AC +3) [demonic ancestry]
  1582 | D:2      | Reached XP level 5. HP: 36/39 MP: 5/5
  1682 | D:3      | Found a hazy altar of Hepliaklqana.
  1811 | D:3      | Noticed Robin
  1829 | D:3      | Killed Robin
  2610 | D:4      | Gained mutation: You have a small tail. [demonic ancestry]
  2610 | D:4      | Reached XP level 6. HP: 46/46 MP: 6/6
  2638 | D:4      | Found a stormy altar of Qazlal.
  2778 | D:4      | Found an ornate altar of the Wu Jian Council.
  2779 | D:4      | Found a sacrificial altar of Ru.
  2849 | D:4      | Slain by an ogre

Illustrated notes

Levels and vault maps discovered:
D:1:      amcnicky_arrival_blooded_trapdoor, layout_basic, minmay_hexomino_u4
D:2:      layout_basic, uniq_natasha
D:3:      layout_basic, nicolae_overflow_crystal_walls,
          minmay_increasing_density, uniq_robin
D:4:      layout_gridville, lemuel_tele_altar, gammafunk_temple_overflow_statue

Skill      XL: |  1  2  3  4 |
---------------+-------------+-----
Dodging        | 3 |  3.6
Axes           | 3 4 |  4.7
Throwing       | 2 |  2.0
Armour         | 1 |  1.5
Fighting       | |  2.9
Stealth        | |  0.9

Action                     |  1- 3 |  4- 6 || total
---------------------------+-------+-------++-------
  Melee: War axe           |    89 |   144 ||   233
         Tailslap          |       |     5 ||     5
  Throw: Boomerang         |     1 |     8 ||     9
         Throwing net      |     2 |     1 ||     3
    Use: Scroll            |       |     3 ||     3
   Stab: Held in net/web   |     1 |     1 ||     2
         Sleeping          |     1 |       ||     1
 Armour: Leather armour    |    15 |       ||    15
         Acid dragon scale |    34 |    81 ||   115
  Dodge: Dodged            |    83 |   103 ||   186

Table legend: (Time is in decaauts)
 A = Elapsed time spent in this place.
 B = Non-inter-level travel time spent in this place.
 C = Inter-level travel time spent in this place.
 D = Time resting spent in this place.
 E = Time spent auto-exploring this place.
 F = Levels seen in this place.
 G = Mean time per level.
                   A        B        C        D        E       F      G
               +--------+--------+--------+--------+--------+-----+--------+
         Total |   2932 |   2887 |     45 |    113 |   2087 |   4 |  733.0 |
       Dungeon |   2932 |   2887 |     45 |    113 |   2087 |   4 |  733.0 |
               +--------+--------+--------+--------+--------+-----+--------+

Top non-repeatable levels by time:
     D:1: 1028 daAuts
     D:3: 934 daAuts
     D:2: 698 daAuts
     D:4: 270 daAuts
